 Dungeon Crawl Stone Soup version 0.31-a0-1074-g0b22e4e0f1 (webtiles) character file.

Game seed: 9623372037612879582

105 grandjackal the Conjurer (level 4, -3/24 HPs)
             Began as a Deep Elf Conjurer on Dec 3, 2023.
             Slain by Terence
             ... wielding a +0 flail of protection
              (8 damage)
             ... on level 3 of the Dungeon.
             The game lasted 00:02:35 (1972 turns).

grandjackal the Conjurer (Deep Elf Conjurer)        Turns: 1972, Time: 00:02:35

Health: -3/24      AC:  5    Str:  4    XL:     4   Next: 53%
Magic:  4/12       EV: 12    Int: 25    God:
Gold:   49         SH:  0    Dex: 13    Spells: 6/12 levels left

rFire   . . .        h - +4 dagger (speed)
rCold   . . .        (no shield)
rNeg    . . .        a - +0 robe
rPois   .            m - +2 hat
rElec   .            p - +0 cloak
rCorr   .            (no gloves)
SInv    .            (no boots)
Will    .....        (no amulet)
Stlth   ++           (no ring)
HPRegen 0.24/turn    (no ring)
MPRegen 0.13/turn

%: no passive effects
@: no status effects
A: no striking features
a: no special abilities


You were on level 3 of the Dungeon.
You visited 1 branch of the dungeon, and saw 3 of its levels.

You collected 49 gold pieces.

Inventory:

Hand Weapons
 h - a +4 dagger of speed (weapon)
Armour
 a - a +0 robe (worn)
 m - a +2 hat (worn)
 p - a +0 cloak (worn)
Talismans
 i - a storm talisman
Scrolls
 c - a scroll of summoning {unknown}
 e - 2 scrolls of fog {unknown}
 f - a scroll of amnesia {unknown}
 g - 3 scrolls of identify {unknown}
 k - a scroll of immolation {unknown}
 l - a scroll of poison {unknown}
 n - 2 scrolls of teleportation {unknown}
 o - a scroll of vulnerability {unknown}
 q - a scroll of acquirement {unknown}
Potions
 b - a potion of magic
 d - a potion of brilliance {unknown}
 j - a potion of mutation {unknown}


   Skills:
 - Level 2.4 Dodging
 - Level 2.4 Stealth
 + Level 4.8 Spellcasting
 + Level 5.4 Conjurations
 + Level 2.0 Hexes


You had 6 spell levels left.
You knew the following spells:

 Your Spells              Type           Power      Damage    Failure   Level
a - Magic Dart            Conj           100%       1d8       1%          1
b - Searing Ray           Conj           66%        2d6       1%          2
c - Dazzling Flash        Conj/Hex       48%        N/A       5%          3

Your spell library contained the following spells:

 Spells                   Type           Power      Damage    Failure   Level
 Fulminant Prism          Conj/Hex       12%        3d8       19%         4
 Iskenderun's Mystic Bla  Conj/Tloc      19%        2d6       28%         4


Dungeon Overview and Level Annotations

Branches:
Dungeon (3/15)

Altars:

Annotations:
D:3 Terence


Message History

Confirm with . or Enter, or press ? or * to list all spells.
Aiming: Searing Ray (safe; 1% risk of failure)
Press: ? - help, Shift-Dir - straight line, f/p - Terence
Aim: Terence, wielding a +0 flail of protection and wearing a +0 scale mail (83% to hit)
The searing ray hits Terence but does no damage. (Press . to maintain the ray.)
The searing ray hits Terence but does no damage.
The searing ray hits the hobgoblin.
You kill the hobgoblin!
The searing ray hits Terence.
Terence is moderately wounded.
The searing ray hits Terence.
Terence is heavily wounded.
You finish channelling your searing ray.
Terence hits you with a +0 flail of protection!
You completely miss Terence.
Terence is heavily wounded.
Terence completely misses you.
You hit Terence but do no damage.
Terence is heavily wounded.
Terence hits you with a +0 flail of protection.
Terence attacks as he pursues you! Terence hits you but does no damage.
Terence attacks as he pursues you!
Terence hits you with a +0 flail of protection.
Terence attacks as he pursues you!
Terence hits you with a +0 flail of protection!
* * * LOW HITPOINT WARNING * * *
Casting: Searing Ray (safe; 1% risk of failure)
Confirm with . or Enter, or press ? or * to list all spells.
Aiming: Searing Ray (safe; 1% risk of failure)
Press: ? - help, Shift-Dir - straight line, f/p - Terence
Aim: Terence, wielding a +0 flail of protection and wearing a +0 scale mail (heavily wounded, 83% to hit)
The searing ray misses Terence. (Press . to maintain the ray.) Terence closely misses you.
The searing ray hits Terence!
Terence is almost dead.
Terence hits you with a +0 flail of protection!
You die...
Terence says, "Time to find some more victims."

######†## #.#
#.# #.# #.# #.#
#.# #@#
#@#########
######..........
........########
####.....#
##...## ##.## #.
#.# #.# #.# #.#
##'##


You could see Terence.

Vanquished Creatures
  Crazy Yiuf (D:2)
  2 adders (D:2)
  A worm (D:2)
  2 dart slugs (D:2)
  3 endoplasms
  5 goblins
  3 hobgoblins
  10 jackals (D:1)
  3 quokkas
  5 ball pythons
  4 bats
  A frilled lizard (D:2)
  4 kobolds
  2 rats (D:1)
46 creatures vanquished.

Notes
Turn   | Place    | Note
-------+----------+-------------------------------------------
     0 | D:1      | grandjackal the Deep Elf Conjurer began the quest for the
                  | Orb.
     0 | D:1      | Reached XP level 1. HP: 10/10 MP: 6/6
   170 | D:1      | Reached XP level 2. HP: 15/15 MP: 4/8
   469 | D:1      | Learned a level 2 spell: Searing Ray
   729 | D:1      | Reached skill level 5 in Conjurations
   729 | D:1      | Reached XP level 3. HP: 19/19 MP: 10/10
   733 | D:1      | Learned a level 3 spell: Dazzling Flash
  1108 | D:2      | Reached skill level 1 in Hexes
  1256 | D:2      | Found a runed translucent door.
  1257 | D:2      | Noticed Crazy Yiuf
  1458 | D:2      | Reached XP level 4. HP: 24/24 MP: 12/12
  1785 | D:2      | Killed Crazy Yiuf
  1947 | D:3      | Noticed Terence
  1972 | D:3      | Slain by Terence

Illustrated notes

Levels and vault maps discovered:
D:1:      ncdulo_lavacross, layout_rooms, nicolae_eternal_life,
          minmay_misc_feat_diagonals, nicolae_the_louvre
D:2:      layout_basic, hangedman_abyss_or_decor_stabs, uniq_crazy_yiuf_cottage
D:3:      layout_loops_corners, serial_shops, nicolae_shop_back_alley_shop,
          wander_ebering_terrifying_dragon_lair, uniq_terence

Skill      XL: |  1  2  3  4 |
---------------+-------------+-----
Spellcasting   | 4 |  4.8
Conjurations   | 5 |  5.4
Hexes          | 1 2 |  2.0
Dodging        | |  2.4
Stealth        | |  2.4

Action                     |  1- 3 |  4- 6 || total
---------------------------+-------+-------++-------
  Melee: Dagger            |    36 |    13 ||    49
         Punch             |       |     1 ||     1
   Cast: Magic Dart        |    42 |     2 ||    44
         Searing Ray       |     2 |     3 ||     5
    Use: Scroll            |     2 |       ||     2
   Stab: Sleeping          |     4 |       ||     4
 Armour: Robe              |    19 |     9 ||    28
  Dodge: Dodged            |    19 |     5 ||    24

Table legend: (Time is in decaauts)
 A = Elapsed time spent in this place.
 B = Non-inter-level travel time spent in this place.
 C = Inter-level travel time spent in this place.
 D = Time resting spent in this place.
 E = Time spent auto-exploring this place.
 F = Levels seen in this place.
 G = Mean time per level.
                   A        B        C        D        E       F      G
               +--------+--------+--------+--------+--------+-----+--------+
         Total |   1954 |   1908 |     46 |    405 |   1221 |   3 |  651.3 |
       Dungeon |   1954 |   1908 |     46 |    405 |   1221 |   3 |  651.3 |
               +--------+--------+--------+--------+--------+-----+--------+

Top non-repeatable levels by time:
     D:1: 963 daAuts
     D:2: 885 daAuts
     D:3: 106 daAuts
